TOP OF THE 1ST |
Lévis Rocks batting - Pitching for Milton Bills : RHP Curt Timperley
|
Pitching: RHP Curt Timperley
|
|
Batting: LHB Edward Carlson
|
0-0: Bunt missed! 0-1: SINGLE (Groundball, 6MD) (infield hit)
|
Batting: RHB Raúl Valadez
|
0-0: Ball 1-0: Ball 2-0: Swinging Strike 2-1: Swinging Strike 2-2: Strikes out swinging
|
Batting: RHB Dan Holliday
|
0-0: Ball 1-0: Called Strike 1-1: Ball 2-1: Ball 3-1: SINGLE (Groundball, 5D) Edward Carlson to second
|
Batting: RHB Pedro Mendoza
|
0-0: Called Strike 0-1: Ball 1-1: Foul Ball, location: 2F 1-2: Strikes out swinging
|
Batting: RHB Ernie McPherson
|
0-0: Ball 1-0: Ball 2-0: Ball 3-0: Called Strike 3-1: DOUBLE (Flyball, 8LXD) Edward Carlson scores Dan Holliday to third
|
Batting: SHB Bartolo Fernández
|
0-0: Called Strike 0-1: Called Strike 0-2: Ball 1-2: Ground out 1-3 (Groundball, 25)
|
Top of the 1st over - 1 run(s), 3 hit(s), 0 error(s), 2 left on base; Lévis 1 - Milton 0 |
BOTTOM OF THE 1ST |
Milton Bills batting - Pitching for Lévis Rocks : RHP Andrés Martínez
|
Pitching: RHP Andrés Martínez
|
|
Batting: LHB David Hunt
|
0-0: Called Strike 0-1: Ball 1-1: Ball 2-1: Ball 3-1: Swinging Strike 3-2: Fly out, F9 (Line Drive, 9D)
|
Batting: RHB Shane Franklin
|
0-0: Ball 1-0: Ball 2-0: Called Strike 2-1: Ball 3-1: Base on Balls
|
Batting: RHB Dave Henderson
|
0-0: Ball 1-0: Foul Ball, location: 2F 1-1: Foul Ball, location: 2F 1-2: Strikes out swinging
|
Batting: LHB Johnny Hernández
|
0-0: Ball Shane Franklin is caught stealing 2nd base
|
Bottom of the 1st over - 0 run(s), 0 hit(s), 0 error(s), 0 left on base; Lévis 1 - Milton 0 |
TOP OF THE 2ND |
Lévis Rocks batting - Pitching for Milton Bills : RHP Curt Timperley
|
Batting: RHB Jim Unknown
|
0-0: Ball 1-0: Ball 2-0: Foul Ball, location: 2F 2-1: Ball 3-1: Called Strike 3-2: Ground out 4-3 (Groundball, 4)
|
Batting: RHB Nectanebos Dolenian
|
0-0: Called Strike 0-1: Foul Ball, location: 2F 0-2: Ground out 5-3 (Groundball, 56)
|
Batting: RHB Jimmy Allen
|
0-0: Ball 1-0: Swinging Strike 1-1: Called Strike 1-2: SINGLE (Groundball, 34)
|
Batting: LHB Edward Carlson
|
0-0: Ball 1-0: Foul Ball, location: 2F 1-1: Fly out, F4 (Popup, 4)
|
Top of the 2nd over - 0 run(s), 1 hit(s), 0 error(s), 1 left on base; Lévis 1 - Milton 0 |
BOTTOM OF THE 2ND |
Milton Bills batting - Pitching for Lévis Rocks : RHP Andrés Martínez
|
Batting: LHB Johnny Hernández
|
0-0: Ball 1-0: Foul Ball, location: 2F 1-1: Called Strike 1-2: Foul Ball, location: 2F 1-2: Ball 2-2: Ball 3-2: Foul Ball, location: 2F 3-2: Fly out, F8 (Line Drive, 8LM)
|
Batting: LHB Edwin Church
|
0-0: Ball 1-0: Ball 2-0: Foul Ball, location: 2F 2-1: Swinging Strike 2-2: Ball 3-2: Fly out, F4 (Popup, 4MD)
|
Batting: RHB Steve McLeod
|
0-0: Called Strike 0-1: Ball 1-1: Ball 2-1: Foul Ball, location: 2F 2-2: Strikes out looking
|
Bottom of the 2nd over - 0 run(s), 0 hit(s), 0 error(s), 0 left on base; Lévis 1 - Milton 0 |
TOP OF THE 3RD |
Lévis Rocks batting - Pitching for Milton Bills : RHP Curt Timperley
|
Batting: RHB Raúl Valadez
|
0-0: Called Strike 0-1: SINGLE (Flyball, 89S)
|
Batting: RHB Dan Holliday
|
0-0: Called Strike 0-1: Swinging Strike 0-2: Ball 1-2: Ball 2-2: SINGLE (Groundball, 4MD) Raúl Valadez to second
|
Batting: RHB Pedro Mendoza
|
0-0: Called Strike 0-1: Foul Ball, location: 2F 0-2: Foul Ball, location: 2F 0-2: Ball 1-2: SINGLE (Line Drive, 8LS) Raúl Valadez to third Dan Holliday to second Runner from 3rd tries for Home, SAFE, no throw or cutoff
|
Batting: RHB Ernie McPherson
|
0-0: Swinging Strike 0-1: DOUBLE (Flyball, 89M) Dan Holliday scores Pedro Mendoza to third
|
Batting: SHB Bartolo Fernández
|
0-0: Foul Ball, location: 2F 0-1: Ball 1-1: Fly out, F7 (Popup, 78S)
|
Batting: RHB Jim Unknown
|
0-0: Ball 1-0: Called Strike 1-1: Ball 2-1: Ground out 5-3 (Groundball, 56S) Pedro Mendoza scores Ernie McPherson to third
|
Batting: RHB Nectanebos Dolenian
|
0-0: Called Strike 0-1: Ball 1-1: Ground out 6-3 (Groundball, 6)
|
Top of the 3rd over - 3 run(s), 4 hit(s), 0 error(s), 1 left on base; Lévis 4 - Milton 0 |
BOTTOM OF THE 3RD |
Milton Bills batting - Pitching for Lévis Rocks : RHP Andrés Martínez
|
Batting: RHB Alden Wiley
|
0-0: Swinging Strike 0-1: Ball 1-1: Bunted foul 1-2: Ball 2-2: Fly out, F8 (Line Drive, 8LM)
|
Batting: LHB Maxwell Ings
|
0-0: Ball 1-0: Foul Ball, location: 2F 1-1: Ball 2-1: Foul Ball, location: 2F 2-2: Foul Ball, location: 2F 2-2: Ball 3-2: Strikes out swinging
|
Batting: RHB Ken Thompson
|
0-0: Called Strike 0-1: Ball 1-1: Foul Ball, location: 2F 1-2: SINGLE (Line Drive, 7S)
|
Batting: LHB David Hunt
|
0-0: Called Strike 0-1: Swinging Strike 0-2: Ball 1-2: Ball 2-2: Foul Ball, location: 2F 2-2: Foul Ball, location: 2F 2-2: Ball 3-2: SINGLE (Groundball, 34D) Ken Thompson to second Ken Thompson to third
|
Batting: RHB Shane Franklin
|
0-0: Foul Ball, location: 2F 0-1: Fly out, F4 (Line Drive, 4)
|
Bottom of the 3rd over - 0 run(s), 2 hit(s), 0 error(s), 2 left on base; Lévis 4 - Milton 0 |
TOP OF THE 4TH |
Lévis Rocks batting - Pitching for Milton Bills : RHP Curt Timperley
|
Batting: RHB Jimmy Allen
|
0-0: Called Strike 0-1: Ball 1-1: Ball 2-1: Swinging Strike 2-2: SINGLE (Groundball, 6D)
|
Batting: LHB Edward Carlson
|
0-0: Called Strike 0-1: 2-RUN HOME RUN (Flyball, 7D), Distance : 409 ft
|
Pitching: RHP José Cortés
|
|
Batting: RHB Raúl Valadez
|
0-0: Ball 1-0: Called Strike 1-1: SINGLE (Line Drive, 78S)
|
Batting: RHB Dan Holliday
|
0-0: Called Strike 0-1: DOUBLE (Line Drive, 9LS) Raúl Valadez to third
|
Batting: RHB Pedro Mendoza
|
0-0: Fly out, F4 (Line Drive, 4M)
|
Batting: RHB Ernie McPherson
|
0-0: Ball 1-0: Called Strike 1-1: Foul Ball, location: 2F 1-2: Foul Ball, location: 2F 1-2: Fly out, F9 (Flyball, 89M) Runner from 3rd tags up, SCORES, throw made
|
Batting: SHB Bartolo Fernández
|
0-0: Ball 1-0: Foul Ball, location: 2F 1-1: Called Strike 1-2: Ball 2-2: Foul Ball, location: 2F 2-2: SINGLE (Groundball, 34D) Dan Holliday to third Runner from 3rd tries for Home, SAFE, no throw or cutoff
|
Batting: RHB Jim Unknown
|
0-0: Fly out, F4 (Popup, 4M)
|
Top of the 4th over - 4 run(s), 5 hit(s), 0 error(s), 1 left on base; Lévis 8 - Milton 0 |
BOTTOM OF THE 4TH |
Milton Bills batting - Pitching for Lévis Rocks : RHP Andrés Martínez
|
Batting: RHB Dave Henderson
|
0-0: Ball 1-0: Ball 2-0: SINGLE (Groundball, 56D)
|
Batting: LHB Johnny Hernández
|
0-0: Ball 1-0: Ball Dave Henderson steals 2nd base 2-0: Called Strike 2-1: Swinging Strike 2-2: Strikes out swinging
|
Batting: LHB Edwin Church
|
0-0: Swinging Strike 0-1: Foul Ball, location: 2F 0-2: Ball 1-2: Foul Ball, location: 2F 1-2: SINGLE (Line Drive, 4MD) Dave Henderson to third Runner from 3rd tries for Home, SAFE, no throw or cutoff
|
Batting: RHB Steve McLeod
|
0-0: Fly out, F7 (Line Drive, 7M)
|
Batting: RHB Alden Wiley
|
0-0: Ball 1-0: Called Strike 1-1: Ball 2-1: Ball 3-1: Fielders Choice at 2nd, 5-4 (Groundball, 56)
|
Bottom of the 4th over - 1 run(s), 2 hit(s), 0 error(s), 0 left on base; Lévis 8 - Milton 1 |
TOP OF THE 5TH |
Lévis Rocks batting - Pitching for Milton Bills : RHP José Cortés
|
Batting: RHB Nectanebos Dolenian
|
0-0: Ball 1-0: Foul Ball, location: 2F 1-1: Ball 2-1: Foul Ball, location: 2F 2-2: Foul Ball, location: 2F 2-2: Ball 3-2: Ground out 1-3 (Groundball, 13)
|
Batting: RHB Jimmy Allen
|
0-0: Ball 1-0: Swinging Strike 1-1: Ball 2-1: Swinging Strike 2-2: Foul Ball, location: 2F 2-2: Ball 3-2: Ground out 6-3 (Groundball, 6)
|
Batting: LHB Edward Carlson
|
0-0: Called Strike 0-1: Ball 1-1: Foul Ball, location: 2F 1-2: Fly out, F9 (Line Drive, 9M)
|
Top of the 5th over - 0 run(s), 0 hit(s), 0 error(s), 0 left on base; Lévis 8 - Milton 1 |
BOTTOM OF THE 5TH |
Milton Bills batting - Pitching for Lévis Rocks : RHP Andrés Martínez
|
Batting: LHB Maxwell Ings
|
0-0: Foul Ball, location: 2F 0-1: Ball 1-1: DOUBLE (Flyball, 78XD)
|
Batting: RHB Ken Thompson
|
0-0: Fly out, F7 (Flyball, 78M)
|
Batting: LHB David Hunt
|
0-0: Foul Ball, location: 2F 0-1: Ball 1-1: Fly out, F7 (Flyball, 7M)
|
Batting: RHB Shane Franklin
|
0-0: DOUBLE (Popup, 7LS) Maxwell Ings scores
|
Batting: RHB Dave Henderson
|
0-0: SINGLE (Line Drive, 6MD) Shane Franklin to third Runner from 3rd tries for Home, SAFE, no throw or cutoff
|
Batting: LHB Johnny Hernández
|
0-0: Called Strike 0-1: Ball 1-1: DOUBLE (Line Drive, 3L) Dave Henderson to third Runner from 3rd tries for Home, SAFE, no throw or cutoff
|
Batting: LHB Edwin Church
|
0-0: Fly out, F8 (Flyball, 8RXD)
|
Bottom of the 5th over - 3 run(s), 4 hit(s), 0 error(s), 1 left on base; Lévis 8 - Milton 4 |
TOP OF THE 6TH |
Lévis Rocks batting - Pitching for Milton Bills : RHP José Cortés
|
Pitching: LHP Morris Nicholson
|
|
Batting: RHB Raúl Valadez
|
0-0: Ground out 6-3 (Groundball, 6)
|
Batting: RHB Dan Holliday
|
0-0: Foul Ball, location: 2F 0-1: Foul Ball, location: 2F 0-2: Strikes out swinging
|
Batting: RHB Pedro Mendoza
|
0-0: DOUBLE (Flyball, 7LD)
|
Batting: RHB Ernie McPherson
|
0-0: Ball 1-0: Called Strike 1-1: Ball 2-1: Foul Ball, location: 2F 2-2: DOUBLE (Line Drive, 78M) Pedro Mendoza scores
|
Batting: SHB Bartolo Fernández
|
0-0: Called Strike 0-1: Ball 1-1: Called Strike 1-2: Strikes out swinging
|
Top of the 6th over - 1 run(s), 2 hit(s), 0 error(s), 1 left on base; Lévis 9 - Milton 4 |
BOTTOM OF THE 6TH |
Milton Bills batting - Pitching for Lévis Rocks : RHP Andrés Martínez
|
Batting: RHB Steve McLeod
|
0-0: Ball 1-0: Fly out, F5 (Line Drive, 5)
|
Batting: RHB Alden Wiley
|
0-0: Foul Ball, location: 2F 0-1: Called Strike 0-2: Ball 1-2: Foul Ball, location: 2F 1-2: Ball 2-2: SOLO HOME RUN (Flyball, 8LXD), Distance : 459 ft
|
Pitching: RHP Jim Unknown
|
|
Batting: LHB Maxwell Ings
|
0-0: Ball 1-0: Foul Ball, location: 2F 1-1: Swinging Strike 1-2: Ball 2-2: Foul Ball, location: 2F 2-2: Foul Ball, location: 2F 2-2: Strikes out swinging
|
Batting: RHB Ken Thompson
|
0-0: Called Strike 0-1: Swinging Strike 0-2: Ball 1-2: Ball 2-2: Ball 3-2: Fly out, F5 (Line Drive, 56)
|
Bottom of the 6th over - 1 run(s), 1 hit(s), 0 error(s), 0 left on base; Lévis 9 - Milton 5 |
TOP OF THE 7TH |
Lévis Rocks batting - Pitching for Milton Bills : LHP Morris Nicholson
|
Batting: RHB Jim Unknown
|
0-0: Ball 1-0: Called Strike 1-1: Ball 2-1: Ball 3-1: SINGLE (Line Drive, 78S)
|
Batting: RHB Nectanebos Dolenian
|
0-0: Foul Ball, location: 2F 0-1: Foul Ball, location: 2F 0-2: Ball 1-2: Strikes out swinging
|
Batting: RHB Jimmy Allen
|
0-0: Called Strike 0-1: Grounds into double play, 6-4-3 (Groundball, 6)
|
Top of the 7th over - 0 run(s), 1 hit(s), 0 error(s), 0 left on base; Lévis 9 - Milton 5 |
BOTTOM OF THE 7TH |
Milton Bills batting - Pitching for Lévis Rocks : RHP Jim Unknown
|
Batting: LHB David Hunt
|
0-0: Swinging Strike 0-1: Swinging Strike 0-2: Strikes out swinging
|
Batting: RHB Shane Franklin
|
0-0: Called Strike 0-1: Fly out, F7 (Flyball, 78D)
|
Batting: RHB Dave Henderson
|
0-0: Ball 1-0: Ball 2-0: Ball 3-0: Base on Balls
|
Batting: LHB Johnny Hernández
|
0-0: Ground out 3-1 (Groundball, 34S)
|
Bottom of the 7th over - 0 run(s), 0 hit(s), 0 error(s), 1 left on base; Lévis 9 - Milton 5 |
TOP OF THE 8TH |
Lévis Rocks batting - Pitching for Milton Bills : LHP Morris Nicholson
|
Batting: LHB Edward Carlson
|
0-0: Ball 1-0: Bunt missed! 1-1: Ball 2-1: Swinging Strike 2-2: Ball 3-2: Base on Balls
|
Pitching: RHP Rory Robinson
|
|
Batting: RHB Raúl Valadez
|
0-0: Ball 1-0: Ball 2-0: Foul Ball, location: 2F 2-1: Swinging Strike 2-2: Strikes out swinging
|
Batting: RHB Dan Holliday
|
0-0: Called Strike 0-1: Called Strike 0-2: Grounds into double play, 1-6-3 (Groundball, 15S)
|
Top of the 8th over - 0 run(s), 0 hit(s), 0 error(s), 0 left on base; Lévis 9 - Milton 5 |
BOTTOM OF THE 8TH |
Milton Bills batting - Pitching for Lévis Rocks : RHP Jim Unknown
|
Batting: LHB Edwin Church
|
0-0: Called Strike 0-1: Ball 1-1: Ball 2-1: SINGLE (Groundball, 34D)
|
Batting: RHB Steve McLeod
|
0-0: Ball 1-0: Foul Ball, location: 2F 1-1: Ball 2-1: Ball 3-1: Foul Ball, location: 2F 3-2: Foul Ball, location: 2F 3-2: Fly out, F6 (Line Drive, 6)
|
Pitching: RHP Aurelio Nieves
|
|
Batting: RHB Alden Wiley
|
0-0: Grounds into double play, 6-4-3 (Groundball, 6)
|
Bottom of the 8th over - 0 run(s), 1 hit(s), 0 error(s), 0 left on base; Lévis 9 - Milton 5 |
TOP OF THE 9TH |
Lévis Rocks batting - Pitching for Milton Bills : RHP Rory Robinson
|
Batting: RHB Pedro Mendoza
|
0-0: Ball 1-0: Swinging Strike 1-1: Ball 2-1: Called Strike 2-2: Foul Ball, location: 2F 2-2: Strikes out swinging
|
Batting: RHB Ernie McPherson
|
0-0: Ground out 6-3 (Groundball, 6)
|
Batting: SHB Bartolo Fernández
|
0-0: Called Strike 0-1: Called Strike 0-2: Ball 1-2: Strikes out swinging
|
Top of the 9th over - 0 run(s), 0 hit(s), 0 error(s), 0 left on base; Lévis 9 - Milton 5 |
BOTTOM OF THE 9TH |
Milton Bills batting - Pitching for Lévis Rocks : RHP Aurelio Nieves
|
Batting: LHB Maxwell Ings
|
0-0: Swinging Strike 0-1: Ball 1-1: Swinging Strike 1-2: Strikes out swinging
|
Batting: RHB Ken Thompson
|
0-0: Ball 1-0: SINGLE (Flyball, 89S)
|
Batting: LHB David Hunt
|
0-0: Called Strike 0-1: Ball 1-1: Foul Ball, location: 2F 1-2: Strikes out swinging
|
Batting: RHB Shane Franklin
|
0-0: 2-RUN HOME RUN (Flyball, 7D), Distance : 387 ft
|
Pitching: LHP Lorenzo Ortega
|
|
Batting: RHB Dave Henderson
|
0-0: Ball 1-0: Ball 2-0: Ball 3-0: Called Strike 3-1: Foul Ball, location: 2F 3-2: Ground out 5-3 (Groundball, 5)
|
Bottom of the 9th over - 2 run(s), 2 hit(s), 0 error(s), 0 left on base; Lévis 9 - Milton 7 |
|